 Dungeon Crawl Stone Soup version 0.29.1-2-gbd0b4ee654 (webtiles) character file.

Game seed: 5883985495542834619

111381 raistware the Devastator (level 16, -6/99 HPs)
             Began as an Octopode Conjurer on Nov 3, 2022.
             Was a High Priest of Vehumet.
             Killed from afar by a deep elf zephyrmancer (16 damage)
             ... with a bolt of lightning
             ... on level 1 of the Elven Halls on Nov 4, 2022.
             The game lasted 02:00:34 (26448 turns).

raistware the Devastator (Octopode Conjurer)       Turns: 26448, Time: 02:00:34

Health: -6/99      AC:  9    Str:  7    XL:     16   Next: 57%
Magic:  29/41      EV: 15    Int: 28    God:    Vehumet [*****.]
Gold:   1720       SH:  0    Dex: 10    Spells: 7/39 levels left

rFire   + . .      SeeInvis +   a - staff of conjuration
rCold   + . .      Faith    .   (no shield)
rNeg    . . .      Spirit   .   (helmet restricted)
rPois   .          Reflect  .   N - amulet of magic regeneration
rElec   .          Harm     .   i - ring of see invisible
rCorr   +          Rampage  .   t - +4 ring of protection
Will    +....                   A - ring of protection from cold
Stlth   +++.......              I - +4 ring of protection
HPRegen 0.26/turn               Q - ring of protection from fire
MPRegen 0.67/turn               R - ring of resist corrosion
                                X - ring of magical power
                                (no ring)

@: very slightly contaminated
A: almost no armour, amphibious, 8 rings, camouflage 1, gelatinous body 1,
(nimble swimmer 1), tentacles
a: Renounce Religion


You were on level 1 of the Elven Halls.
You worshipped Vehumet.
Vehumet was extremely pleased with you.
You visited 5 branches of the dungeon, and saw 21 of its levels.
You also visited: Sewer, Ossuary, Gauntlet and Volcano.

You collected 2758 gold pieces.
You spent 1038 gold pieces at shops.

Inventory:

Hand Weapons
 b - the +11 broad axe "Qippais" {venom, Fly}
   (You found it on level 12 of the Dungeon)

   It poisons the flesh of those it strikes.
   Fly:       It grants you flight.
Missiles
 p - 50 poisoned darts
 q - 6 silver javelins
 s - 4 throwing nets
 L - 3 curare-tipped darts
Magical Staves
 a - a staff of conjuration (weapon)
 T - a staff of air
 U - a staff of earth
Jewellery
 g - a ring of fire
 i - a ring of see invisible (left tentacle)
 t - a +4 ring of protection (right tentacle)
 A - a ring of protection from cold (on tentacle)
 I - a +4 ring of protection (on tentacle)
 N - an amulet of magic regeneration (around mantle)
 P - an amulet of reflection
 Q - a ring of protection from fire (on tentacle)
 R - a ring of resist corrosion (on tentacle)
 X - a ring of magical power (on tentacle)
Wands
 e - a wand of polymorph (14)
 z - a wand of light (30)
 C - a wand of roots (20)
 F - a wand of paralysis (10)
 G - a wand of flame (36)
 J - a wand of mindburst (16)
Scrolls
 c - 3 scrolls of enchant weapon
 f - a scroll of poison
 j - 16 scrolls of teleportation
 k - 5 scrolls of blinking
 o - 5 scrolls of enchant armour
 u - 4 scrolls of noise
 v - 2 scrolls of magic mapping
 w - 5 scrolls of fog
 y - 5 scrolls of vulnerability
 B - 5 scrolls of amnesia
 D - 3 scrolls of fear
 K - 5 scrolls of immolation
 W - 2 scrolls of identify
Potions
 d - 2 potions of ambrosia
 h - 10 potions of heal wounds
 l - 8 potions of mutation
 m - 18 potions of curing
 n - 5 potions of brilliance
 r - 6 potions of lignification
 x - a potion of invisibility
 E - 4 potions of flight
 H - a potion of cancellation
 M - 2 potions of haste
 O - 2 potions of magic
 S - 2 potions of might
 V - a potion of attraction


   Skills:
 + Level 5.8 Fighting
 - Level 8.0 Dodging
 - Level 4.0 Stealth
 * Level 12.2 Spellcasting
 * Level 20.5 Conjurations
 - Level 4.0 Translocations
 - Level 4.0 Transmutations
 - Level 4.0 Fire Magic
 - Level 4.0 Ice Magic
 - Level 4.0 Air Magic
 - Level 4.0 Earth Magic
 - Level 4.0 Poison Magic
 - Level 4.0 Evocations


You had 7 spell levels left.
You knew the following spells:

 Your Spells              Type           Power      Damage    Failure   Level
a - Magic Dart            Conj           100%       1d8       0%          1
b - Iskenderun's Mystic   Conj/Tloc      91%        2d18      1%          4
c - Mephitic Cloud        Conj/Pois/Air  81%        N/A       1%          3
d - Ignite Poison         Fire/Tmut/Pois 39%        N/A       1%          3
e - Freezing Cloud        Conj/Ice/Air   40%        6-21      1%          5
f - Stone Arrow           Conj/Erth      100%       3d13      1%          3
g - Orb of Destruction    Conj           57%        9d14      1%          7
h - Irradiate             Conj/Tmut      45%        3d26      1%          5
z - Apportation           Tloc           78%        N/A       1%          1

Your spell library contained the following spells:

 Spells                   Type           Power      Damage    Failure   Level
 Lightning Bolt           Conj/Air       45%        1d65      1%          5
 Searing Ray              Conj           100%       2d8       0%          2
 Beastly Appendage        Tmut           78%        N/A       1%          1
 Sandblast                Erth           78%        2d17      1%          1
 Passwall                 Tmut/Erth      32%        N/A       1%          2
 Static Discharge         Conj/Air       91%        3-15/arc  1%          2
 Wereblood                Tmut           39%        N/A       1%          2
 Conjure Flame            Conj/Fire      91%        6-21      1%          3
 Dazzling Flash           Conj/Hex       100%       N/A       1%          3
 Gell's Gravitas          Tloc           39%        N/A       1%          3
 Lesser Beckoning         Tloc           39%        N/A       1%          3
 Spider Form              Tmut/Pois      39%        N/A       1%          3
 Teleport Other           Tloc           39%        N/A       1%          3
 Fulminant Prism          Conj/Hex       42%        3d20      1%          4
 Sticky Flame             Conj/Fire      91%        2d10      1%          4
 Ensorcelled Hibernation  Hex/Ice        56%        N/A       2%          2
 Summon Small Mammal      Summ           68%        N/A       3%          1
 Sublimation of Blood     Necr           17%        N/A       4%          2
 Petrify                  Tmut/Erth      39%        N/A       6%          4
 Call Canine Familiar     Summ           17%        N/A       10%         3
 Summon Guardian Golem    Hex/Summ       17%        N/A       10%         3
 Spellforged Servitor     Conj/Summ      42%        N/A       11%         7
 Alistair's Intoxication  Tmut/Pois      26%        N/A       17%         5
 Anguish                  Hex/Necr       8%         N/A       32%         4
 Dispel Undead            Necr           17%        3d10      32%         4


Dungeon Overview and Level Annotations

Branches:
Dungeon (12/15)            Temple (1/1) D:4            Lair (5/5) D:11
  Swamp (0/4) Lair:3        Snake (0/4) Lair:2        Slime (0/5) Lair:5
    Orc (2/2) D:10            Elf (1/3) Orc:2         Sewer (visited)
Ossuary (visited)         Volcano (visited)         Gauntlet (visited)

Altars:
Ashenzari
Cheibriados
Dithmenos
Elyvilon
Fedhas
Gozag
Hepliaklqana
Kikubaaqudgha
Makhleb
Nemelex Xobeh
Okawaru
Qazlal
Ru
Sif Muna
Trog
Uskayaw
Vehumet
Wu Jian
Xom
Yredelemnul
Zin
The Shining One
Jiyva
Lugonu

Shops:
D:9 **   D:10 *   Orc:1 !   Orc:2 [(?**   Elf:1 =

Portals:
Trove: D:11 (give 8 scrolls of fog)

Annotations:
Lair:1 3 runed translucent doors, exclusion: 3 doors, KamiKatze's ghost, journeyman DECj; decrepitude's ghost, journeyman DsFE


Innate Abilities, Weirdness & Mutations

You cannot wear most types of armour.
You are amphibious.
You can wear up to eight rings at the same time.
Your skin changes colour to match your surroundings (Stealth+).
Your rubbery body absorbs attacks. (AC +1, EV +1)
((You are camouflaged when in or above water. (Stealth+)))
You have tentacles for arms and can constrict up to eight enemies at once.


Message History

You kill the deep elf zephyrmancer!
Vehumet accepts your kill.
You feel your power returning.
You are very lightly contaminated with residual magic.
Unknown command.
You start resting.
A deep elf zephyrmancer is nearby!
The deep elf zephyrmancer gestures at you while chanting.
The bolt of lightning hits you!!
* * * LOW HITPOINT WARNING * * *
You see here a +0 dagger.
The deep elf zephyrmancer hits you but does no damage.
Unknown command.
Unknown command.
Casting: Irradiate (safe; 1% risk of failure)
Confirm with . or Enter, or press ? or * to list all spells.
You feel a surge of power!
You erupt in a fountain of uncontrolled magic!
The deep elf zephyrmancer is blasted with magical radiation!
The deep elf zephyrmancer is moderately wounded.
The deep elf zephyrmancer twists and deforms.
The deep elf zephyrmancer gestures wildly while chanting.
The deep elf zephyrmancer blinks!
Unknown command.
Unknown command.
Casting: Irradiate (safe; 1% risk of failure)
Confirm with . or Enter, or press ? or * to list all spells.
You can't see any susceptible monsters within range! (Use Z to cast anyway.) Unknown command.
Casting: Irradiate (safe; 1% risk of failure)
Confirm with . or Enter, or press ? or * to list all spells.
Aiming: Orb of Destruction (dangerous; 1% risk of failure)
Press: ? - help, Shift-Dir - straight line, f - deep elf zephyrmancer
Aim: a deep elf zephyrmancer, wielding a +0 rapier and wearing a +0 leather armour (moderately wounded, misshapen and mutated)
You feel a surge of power!
The deep elf zephyrmancer points at you and mumbles some strange words.
The bolt of lightning hits you!
* * * LOW HITPOINT WARNING * * *
The bolt of lightning hits you!
You die...

....
#...#........+
.)#
##.##........#
#'##
#.#..)......#
#.##
#.#'#.....'##
##.##
#..####.###.#
##)#####.##
### #.#
##'.##.## #.
##.#'###### #
#.@*e.......
#...########
#####


You could see a deep elf zephyrmancer (misshapen, ally target).

Vanquished Creatures
  A deep elf annihilator (Elf:1)
  A deep elf demonologist (Elf:1)
  A red draconian (Volcano)
  Snorg (D:11)
  An ice dragon (Lair:3)
  10 hydras
  4 ogre magi (Orc:2)
  Erolcha (Orc:1)
  4 boulder beetles
  2 centaur warriors (D:12)
  8 death yaks (Lair:5)
  21 two-headed ogres
  3 catoblepae (Lair:5)
  3 dancing weapons
  A deep elf knight (Elf:1)
  Sonja (Lair:4)
  A salamander mystic (Volcano)
  Pikel (D:7)
  2 orc knights
  2 wizards (Gauntlet)
  A deep elf archer (Elf:1)
  3 deep elf zephyrmancers (Elf:1)
  6 deep elf pyromancers
  An orc sorcerer (Orc:2)
  2 oklob plants
  2 cyclopes
  2 manticores
  5 salamanders (Volcano)
  3 elephants (Lair:5)
  A worldbinder (Gauntlet)
  2 black mambas (Lair:1)
  8 cane toads
  A torpor snail (Lair:5)
  A minotaur zombie (Gauntlet)
  2 rime drakes
  A guardian mummy (D:11)
  2 komodo dragons (Lair:5)
  A polar bear (Lair:4)
  4 trolls
  A hornet (D:9)
  Grinder (D:4)
  19 blink frogs
  7 dream sheep (Lair:3)
  4 slime creatures (D:12)
  3 shadows
  6 wyverns
  71 yaks
  10 fire bats
  2 wraiths
  2 steam dragons (D:9)
  Grum (Lair:1)
  A basilisk (Lair:4)
  Menkaure (D:6)
  2 wargs
  2 acid dragons
  8 orc warriors
  A sky beast (D:8)
  12 water moccasins
  An ice beast (D:6)
  5 black bears
  21 wolves
  4 centaurs
  27 ogres
  A boggart (Gauntlet)
  3 kobold brigands
  Blork the orc (D:5)
  17 bullfrogs
  A necrophage (D:4)
  A gnoll sergeant (D:9)
  3 scorpions
  5 wights (D:10)
  9 killer bees
  6 howler monkeys
  9 electric eels
  A centaur zombie (Ossuary)
  4 hounds
  6 lava snakes (Volcano)
  3 jellies
  12 orc priests
  2 iguanas
  18 orc wizards
  3 mummies
  8 gnolls
  15 adders
  3 river rats
  3 shadow imps (Gauntlet)
  10 white imps
  An ufetubus (D:4)
  3 worms
  2 dart slugs
  57 orcs
  2 endoplasms
  2 giant cockroaches (D:4)
  4 gnoll zombies (Ossuary)
  10 goblins
  6 hobgoblins
  10 jackals
  5 quokkas
  11 ball pythons
  4 bats
  4 frilled lizards
  3 goblin zombies (Ossuary)
  A hobgoblin zombie (Ossuary)
  11 kobolds
  5 orc zombies (Ossuary)
  5 rats
619 creatures vanquished.

Vanquished Creatures (collateral kills)
  A minotaur (Gauntlet)
  A minotaur zombie (Gauntlet)
2 creatures vanquished.

Vanquished Creatures (others)
  A manticore (Lair:5)
  7 demonic plants (D:4)
  55 fungi
  98 plants
  2 withered plants (Lair:1)
163 creatures vanquished.

Grand Total: 784 creatures vanquished

Notes
Turn   | Place    | Note
-------+----------+-------------------------------------------
     0 | D:1      | raistware the Octopode Conjurer began the quest for the
                  | Orb.
     0 | D:1      | Reached XP level 1. HP: 11/11 MP: 3/3
   156 | D:1      | Reached XP level 2. HP: 17/17 MP: 2/5
   661 | D:2      | Reached XP level 3. HP: 21/21 MP: 0/7
   665 | D:2      | Learned a level 3 spell: Mephitic Cloud
  1151 | D:2      | Learned a level 3 spell: Ignite Poison
  1725 | D:3      | Found an opulent altar of Gozag.
  1762 | D:3      | Reached XP level 4. HP: 22/27 MP: 5/10
  1767 | D:3      | Learned a level 4 spell: Iskenderun's Mystic Blast
  1979 | D:3      | Found a shimmering altar of Xom.
  2276 | D:3      | Reached skill level 1 in Poison Magic
  2511 | D:3      | Reached skill level 1 in Translocations
  2833 | D:4      | Found a glowing drain.
  2911 | Sewer    | Entered a sewer
  2933 | Sewer    | Reached XP level 5. HP: 31/31 MP: 7/11
  3039 | Sewer    | Noticed a kobold brigand
  3141 | Sewer    | Noticed a kobold brigand
  3261 | Sewer    | Killed a kobold brigand
  3406 | Sewer    | Reached XP level 6. HP: 36/36 MP: 7/12
  4655 | D:4      | Reached XP level 7. HP: 20/41 MP: 3/14
  4727 | D:4      | Found a staircase to the Ecumenical Temple.
  4946 | Temple   | Entered the Ecumenical Temple
  5160 | D:4      | Reached skill level 5 in Spellcasting
  5189 | D:4      | Found a stormy altar of Qazlal.
  5190 | D:4      | Found an ornate altar of the Wu Jian Council.
  5192 | D:4      | Found a blossoming altar of Fedhas.
  5193 | D:4      | Found an ancient bone altar of Kikubaaqudgha.
  5193 | D:4      | Found a radiant altar of Vehumet.
  5195 | D:4      | Found a white marble altar of Elyvilon.
  5195 | D:4      | Found a glowing silver altar of Zin.
  5196 | D:4      | Noticed Grinder
  5230 | D:4      | Reached skill level 1 in Fighting
  5848 | D:4      | Killed Grinder
  5849 | D:4      | Reached skill level 5 in Conjurations
  5849 | D:4      | Reached XP level 8. HP: 29/51 MP: 8/16
  5856 | D:4      | Became a worshipper of Vehumet
  6222 | D:5      | Entered Level 5 of the Dungeon
  6774 | D:5      | Reached skill level 1 in Fire Magic
  6920 | D:5      | Learned a level 1 spell: Apportation
  6964 | D:5      | Reached * piety under Vehumet
  6964 | D:5      | Offered knowledge of Foxfire by Vehumet.
  7169 | D:5      | Noticed Edmund
  7175 | D:5      | Noticed Edmund
  7175 | D:5      | Edmund changed into Edmund the bullfrog
  7178 | D:5      | Killed Edmund the bullfrog
  7179 | D:5      | Reached skill level 6 in Conjurations
  7637 | D:5      | Noticed Blork the orc
  7642 | D:5      | Killed Blork the orc
  7643 | D:5      | Reached XP level 9. HP: 57/57 MP: 14/18
  7666 | D:5      | Found a shimmering blue altar of Sif Muna.
  8012 | D:6      | Noticed Menkaure
  8021 | D:6      | Killed Menkaure
  8293 | D:6      | Reached skill level 7 in Conjurations
  8308 | D:6      | Offered knowledge of Scorch by Vehumet.
  8309 | D:6      | Reached skill level 8 in Conjurations
  8309 | D:6      | Reached ** piety under Vehumet
  8310 | D:6      | Reached skill level 1 in Evocations
  8316 | D:6      | Learned a level 5 spell: Freezing Cloud
  8351 | D:6      | Found a sand-covered staircase.
  8357 | Ossuary  | Entered an ossuary
  8882 | D:6      | Reached skill level 1 in Transmutations
  8882 | D:6      | Reached skill level 1 in Air Magic
  9551 | D:6      | Offered knowledge of Stone Arrow by Vehumet.
  9555 | D:6      | Reached XP level 10. HP: 48/63 MP: 16/20
  9559 | D:6      | Learned a level 3 spell: Stone Arrow
  9646 | D:6      | Found a glowing golden altar of the Shining One.
  9891 | D:7      | Noticed Pikel
  9897 | D:7      | Killed Pikel
  9898 | D:7      | Reached skill level 1 in Ice Magic
  9898 | D:7      | Reached skill level 1 in Earth Magic
 10089 | D:7      | Found a snail-covered altar of Cheibriados.
 10346 | D:7      | Reached *** piety under Vehumet
 10649 | D:8      | Offered knowledge of Hailstorm by Vehumet.
 11079 | D:8      | Found a bloodstained altar of Trog.
 11272 | D:8      | Found a hide-covered altar of Uskayaw.
 11463 | D:9      | Found Ceaxaav's Weapon Boutique.
 11473 | D:9      | Found Afouron's General Store.
 11476 | D:9      | Bought a scroll of identify for 28 gold pieces
 11540 | D:9      | Found Jeol's General Store.
 11814 | D:9      | Identified the +5 plate armour of the Teaching Gods {rPois
                  | Str+3}
 12180 | D:10     | Entered Level 10 of the Dungeon
 12199 | D:10     | Reached skill level 9 in Conjurations
 12393 | D:10     | You fall into a shaft and drop 2 floors!
 12426 | D:12     | Noticed a six-headed hydra
 12428 | D:12     | Noticed a deep elf pyromancer
 12434 | D:12     | Killed a six-headed hydra
 12434 | D:12     | Reached **** piety under Vehumet
 12435 | D:12     | Reached XP level 11. HP: 69/69 MP: 8/23
 12446 | D:12     | Killed a deep elf pyromancer
 12556 | D:12     | Noticed a two-headed ogre
 12561 | D:12     | Killed a two-headed ogre
 12571 | D:12     | Noticed a centaur warrior
 12581 | D:12     | Killed a centaur warrior
 12773 | D:11     | Reached skill level 10 in Conjurations
 12778 | D:11     | Noticed Snorg
 12896 | D:11     | Killed Snorg
 12971 | D:11     | Noticed a boulder beetle
 13112 | D:10     | Found a staircase to the Orcish Mines.
 13322 | D:10     | Offered knowledge of Fireball by Vehumet.
 13323 | D:10     | Reached skill level 11 in Conjurations
 13472 | D:10     | Found Boeth's General Store.
 13486 | D:10     | Bought a scroll of magic mapping for 90 gold pieces
 13619 | D:10     | Found a sparkling altar of Nemelex Xobeh.
 13942 | D:10     | Noticed a two-headed ogre
 13948 | D:10     | Killed a two-headed ogre
 14119 | D:11     | Killed a boulder beetle
 14120 | D:11     | Reached skill level 12 in Conjurations
 14358 | D:11     | Found a portal to a secret trove of treasure.
 14445 | D:11     | Reached XP level 12. HP: 60/74 MP: 19/24
 14727 | D:11     | Found a staircase to the Lair.
 14827 | D:11     | Noticed a two-headed ogre
 14835 | D:11     | Killed a two-headed ogre
 15123 | D:12     | Noticed a two-headed ogre
 15131 | D:12     | Killed a two-headed ogre
 15199 | D:12     | Reached skill level 13 in Conjurations
 15201 | D:12     | Reached ***** piety under Vehumet
 15254 | D:12     | Noticed a centaur warrior
 15257 | D:12     | Killed a centaur warrior
 15492 | D:12     | Noticed a boulder beetle
 15502 | D:12     | Killed a boulder beetle
 15628 | D:12     | Identified the +11 broad axe "Qippais" {venom, Fly}
 15766 | Lair:1   | Entered Level 1 of the Lair of Beasts
 15789 | Lair:1   | Noticed a boulder beetle
 16048 | D:11     | Killed a boulder beetle
 16199 | Lair:1   | Offered knowledge of Iskenderun's Battlesphere by Vehumet.
 16200 | Lair:1   | Reached skill level 14 in Conjurations
 16250 | Lair:1   | Noticed a five-headed hydra
 16491 | Lair:1   | Killed a five-headed hydra
 16521 | Lair:1   | Noticed Grum
 16526 | Lair:1   | Killed Grum
 16753 | Lair:1   | Reached skill level 15 in Conjurations
 17276 | Lair:1   | Reached XP level 13. HP: 79/79 MP: 26/26
 17502 | Lair:1   | Found a runed translucent gate.
 17503 | Lair:1   | Found a runed translucent gate.
 17503 | Lair:1   | Found a runed translucent gate.
 17505 | Lair:1   | Noticed KamiKatze's ghost (journeyman DECj)
 17505 | Lair:1   | Noticed decrepitude's ghost (journeyman DsFE)
 18161 | Lair:2   | Reached skill level 10 in Spellcasting
 18161 | Lair:2   | Found a staircase to the Snake Pit.
 18352 | Lair:2   | Reached skill level 16 in Conjurations
 18770 | Lair:3   | Found a dark tunnel.
 18803 | Volcano  | Entered a volcano
 19044 | Volcano  | Found a bloodstained altar of Trog.
 19088 | Volcano  | Noticed a red draconian
 19096 | Volcano  | Killed a red draconian
 19201 | Volcano  | Found a radiant altar of Vehumet.
 19509 | Lair:3   | Reached skill level 17 in Conjurations
 19542 | Lair:3   | Found a staircase to the Swamp.
 19950 | Lair:3   | Noticed an ice dragon
 19961 | Lair:3   | Learned a level 7 spell: Orb of Destruction
 19969 | Lair:3   | Killed an ice dragon
 19970 | Lair:3   | Reached XP level 14. HP: 57/85 MP: 16/28
 20156 | Lair:3   | Reached XP level 15. HP: 90/90 MP: 29/29
 20420 | Lair:4   | Identified the +1 robe "Otatiecu" {rPois Regen+ Slay-4}
 20751 | Lair:4   | Noticed Sonja
 20834 | Lair:4   | Killed Sonja
 20954 | Lair:5   | Entered Level 5 of the Lair of Beasts
 21011 | Lair:5   | Found a gate leading to a gauntlet.
 21023 | Gauntlet | Entered a Gauntlet
 21023 | Gauntlet | Found a transporter.
 21035 | Gauntlet | Found a transporter.
 21048 | Gauntlet | Found a transporter.
 21049 | Gauntlet | Found a transporter.
 21056 | Gauntlet | Found a transporter.
 21077 | Gauntlet | Found a transporter.
 21088 | Gauntlet | Found a transporter.
 21100 | Gauntlet | Found a transporter.
 21102 | Gauntlet | Found the +8 demon blade "Leech" {vamp, Harm Drain rN+}
 21115 | Gauntlet | Found a runed translucent door.
 21115 | Gauntlet | Found a runed translucent door.
 21119 | Gauntlet | Found a transporter.
 21133 | Gauntlet | Found a transporter.
 21133 | Gauntlet | Found a transporter.
 21145 | Gauntlet | Found a transporter.
 21193 | Gauntlet | Found a transporter.
 21207 | Gauntlet | Found a transporter.
 21210 | Gauntlet | Found a runed translucent door.
 21424 | Gauntlet | Reached skill level 18 in Conjurations
 21510 | Gauntlet | Identified the +0 mace "Metorug" {holy, Fragile Int+2 SInv}
 22115 | Lair:5   | Offered knowledge of Eringya's Noxious Bog by Vehumet.
 22390 | Lair:5   | Reached skill level 19 in Conjurations
 22503 | Lair:5   | Found a viscous altar of Jiyva.
 22504 | Lair:5   | Found a staircase to the Slime Pits.
 23093 | Lair:5   | Learned a level 5 spell: Irradiate
 23270 | Orc:1    | Entered Level 1 of the Orcish Mines
 23384 | Orc:2    | Entered Level 2 of the Orcish Mines
 23404 | Orc:2    | Reached skill level 20 in Conjurations
 23414 | Orc:2    | Reached XP level 16. HP: 70/97 MP: 5/31
 23956 | Orc:2    | Offered knowledge of Lightning Bolt by Vehumet.
 24010 | Orc:2    | Reached skill level 5 in Fighting
 24429 | Orc:2    | Found Qihakui's General Store.
 24429 | Orc:2    | Found Yptaq's General Store.
 24430 | Orc:2    | Found Ciagoez's Weapon Emporium.
 24430 | Orc:2    | Found Kid Urok's Magic Scroll Shop.
 24439 | Orc:2    | Bought a scroll of fog for 64 gold pieces
 24439 | Orc:2    | Bought a scroll of blinking for 120 gold pieces
 24440 | Orc:2    | Bought a potion of curing for 39 gold pieces
 24441 | Orc:2    | Bought a scroll of identify for 30 gold pieces
 24441 | Orc:2    | Bought a potion of haste for 150 gold pieces
 24441 | Orc:2    | Bought a potion of curing for 45 gold pieces
 24480 | Orc:2    | Found Zoixto's Armour Shoppe.
 24646 | Orc:2    | Found a staircase to the Elven Halls.
 25065 | Orc:1    | Noticed Erolcha
 25070 | Orc:1    | Killed Erolcha
 25234 | Orc:1    | Found a radiant altar of Vehumet.
 25318 | Orc:1    | Found Hicvuq's Distillery.
 25324 | Orc:1    | Bought a potion of heal wounds for 60 gold pieces
 25324 | Orc:1    | Bought a potion of curing for 36 gold pieces
 25324 | Orc:1    | Bought a potion of mutation for 96 gold pieces
 25615 | Elf:1    | Entered Level 1 of the Elven Halls
 25753 | Elf:1    | Noticed a Brimstone Fiend
 26313 | Elf:1    | Found Biwag's Jewellery Emporium.
 26323 | Elf:1    | Bought a ring of magical power for 280 gold pieces
 26448 | Elf:1    | Killed from afar by a deep elf zephyrmancer

Illustrated notes

Levels and vault maps discovered:
D:1:      ncdulo_watergridlock, layout_rooms, serial_bayou_pond_b
D:2:      layout_basic, chequers_serial_rivers_micro_c
D:3:      layout_basic, mainiacjoe_overflow_small_starburst,
          mainiacjoe_overflow_alcove_4
D:4:      layout_basic, grunt_temple_overflow_open, minmay_temple_entry_mist,
          serial_demonic, serial_demonic_c, serial_demonic_d, serial_demonic_c,
          serial_demonic_d, portal_sewer_entry_a, uniq_grinder
D:5:      layout_loops_ring, tgw_sif, sigmund_edmund_badplayer
D:6:      layout_basic, tso_altar, gup_ossuary_entry_pyramid,
          kennysheep_generic_room_9, uniq_sigmund, uniq_menkaure
D:7:      layout_basic, mainiacjoe_overflow_boulevard, uniq_pikel
D:8:      layout_basic, bloody_trog, eat_drink_and_be_merry_uskayaw
D:9:      layout_big_octagon, serial_shops, kennysheep_mini, shop,
          nicolae_shop_hallway_stairs
D:10:     layout_basic, mainiacjoe_overflow_surrounded_room, orc_0_dummy,
          serial_shops, shop
D:11:     layout_rooms, due_lair_maze_entry_diamond,
          nicolae_trove_entry_path_of_doom, portal_ice_cave_entry_pillars_1,
          serial_bayou_pond_d, uniq_snorg
D:12:     layout_roguey
Temple:   corrupted_temple
Lair:1:   layout_misc_corridors, gammafunk_ghost_cemetery, uniq_grum
Lair:2:   layout_chaotic_city, dummy_snake_entry, grunt_megastairs_1
Lair:3:   dragon1_lemuel, layout_chaotic_city, swamp_mist_pool,
          nicolae_volcano_entry_batcave
Lair:4:   dpeg_oklob_shooting_range, layout_layer_cave, uniq_sonja
Lair:5:   evilmike_catoblepas_cave, layout_hall_layers, slime_entry_1,
          gauntlet_entry_generic
Orc:1:    layout_caves, basic_altar, serial_shops,
          nicolae_shop_temple_entry_statues_fountains, uniq_erolcha
Orc:2:    st_orc_ogre_mass, layout_caves, serial_shops, shop
Elf:1:    minmay_elf_arrival_circle, layout_geoelf_diagonals, serial_shops,
          nicolae_shop_waterfront, hangedman_elven_crosses_minicolossus,
          dk_noncrumbling_4, nicolae_shop_clearance, minmay_shop_star

Skill      XL: |  1  2  3  4  5  6  7  8  9 10 11 12 13 14 15 16 |
---------------+-------------------------------------------------+-----
Spellcasting   | 3 4 5 6 7 8 9 10 11 12 | 12.2
Poison Magic   | 1 3 4 |  4.0
Translocations | 1 2 4 |  4.0
Stealth        | 4 |  4.0
Fighting       | 2 3 4 5 |  5.8
Dodging        | 3 4 7 8 |  8.0
Conjurations   | 5 6 8 9 12 15 17 20 | 20.5
Fire Magic     | 3 4 |  4.0
Evocations     | 1 3 4 |  4.0
Transmutations | 1 3 4 |  4.0
Air Magic      | 1 3 4 |  4.0
Ice Magic      | 3 4 |  4.0
Earth Magic    | 3 4 |  4.0

Action                   |  1- 3 |  4- 6 |  7- 9 | 10-12 | 13-15 | 16-18 || total
-------------------------+-------+-------+-------+-------+-------+-------++-------
Melee: Dagger            |    14 |    25 |   195 |   135 |       |       ||   369
       Constrict         |     4 |    12 |    53 |    31 |     5 |     1 ||   106
       Tentacles         |     1 |     7 |    56 |    52 |     8 |     3 ||   127
       Punch             |       |       |     4 |     5 |     1 |     1 ||    11
       Broad axe         |       |       |       |    10 |    39 |     7 ||    56
       Staff             |       |       |       |     3 |    17 |     2 ||    22
Throw: Dart              |       |    14 |     5 |     1 |       |       ||    20
       Throwing net      |       |       |     2 |       |       |       ||     2
 Cast: Magic Dart        |    53 |   141 |   104 |    35 |     1 |       ||   334
       Ignite Poison     |       |       |     9 |    10 |     2 |       ||    21
       Iskenderun's Myst |       |       |     9 |    44 |    41 |    22 ||   116
       Mephitic Cloud    |       |       |    10 |    23 |     4 |       ||    37
       Freezing Cloud    |       |       |       |    39 |    79 |    30 ||   148
       Stone Arrow       |       |       |       |    75 |   108 |    33 ||   216
       Apportation       |       |       |       |     2 |     6 |     6 ||    14
       Orb of Destructio |       |       |       |       |    22 |    21 ||    43
       Irradiate         |       |       |       |       |     1 |     3 ||     4
Evoke: Wand              |       |       |     5 |     4 |       |     1 ||    10
  Use: Scroll            |       |       |     5 |    12 |     9 |       ||    26
       Potion            |       |       |       |     4 |     7 |       ||    11
 Stab: Sleeping          |     2 |     2 |     5 |     3 |     1 |       ||    13
       Confused          |       |       |     2 |     3 |     1 |       ||     6
       Paralysed         |       |       |       |     3 |       |       ||     3
Armor: Skin              |     2 |     2 |    24 |    34 |    21 |     2 ||    85
Dodge: Dodged            |    15 |    30 |   107 |   111 |    62 |    11 ||   336
